 Dungeon Crawl Stone Soup version 0.24-a0-275-g6f7e2cb (webtiles) character file.

Game seed: 1343459632357383380

352 nikopol the Firebug (level 6, -5/32 HPs)
             Began as a Deep Elf Fire Elementalist on Apr 27, 2019.
             Engulfed by a cloud of steam (8 damage)
             ... on level 5 of the Dungeon.
             The game lasted 00:12:12 (3574 turns).

nikopol the Firebug (Deep Elf Fire Elementalist)    Turns: 3574, Time: 00:12:14

Health: -5/32      AC:  2    Str:  5    XL:     6   Next: 35%
Magic:  3/15       EV: 13    Int: 22    God:
Gold:   205        SH:  0    Dex: 15    Spells: 4/14 levels left

rFire    . . .     SeeInvis .   i - +0 dagger
rCold    . . .     Gourm    .   (no shield)
rNeg     . . .     Faith    .   a - +0 robe
rPois    .         Spirit   .   (no helmet)
rElec    .         Reflect  .   (no cloak)
rCorr    .         Harm     .   (no gloves)
MR       .....                  (no boots)
Stlth    ++........             (no amulet)
HPRegen  0.10/turn              (no ring)
MPRegen  0.14/turn              (no ring)

@: no status effects
A: no striking features
a: no special abilities


You were on level 5 of the Dungeon.
You were not hungry.

You visited 1 branch of the dungeon, and saw 5 of its levels.

You collected 205 gold pieces.

Inventory:

Hand Weapons
 i - a +0 dagger (weapon)
Armour
 a - a +0 robe (worn)
Jewellery
 q - a +4 ring of intelligence {unknown}
Wands
 l - a wand of disintegration (13)
 u - a wand of digging (6)
 v - a wand of flame (32)
Scrolls
 b - a scroll of identify
 d - a scroll of fog
 e - 4 scrolls of teleportation
 j - a scroll of amnesia
Potions
 h - a potion of flight {unknown}
 k - a potion of heal wounds {unknown}
 m - 4 potions of curing
 o - a potion of brilliance {unknown}
 p - 2 potions of might
 r - a potion of lignification {unknown}
 t - 2 potions of agility {unknown}
Comestibles
 c - 8 rations


   Skills:
 + Level 2.7 Dodging
 + Level 3.1 Stealth
 + Level 4.8 Spellcasting
 + Level 4.0 Conjurations
 + Level 5.5 Fire Magic


You had 4 spell levels left.
You knew the following spells:

 Your Spells              Type           Power        Failure   Level  Hunger
a - Flame Tongue          Conj/Fire      ####.        1%          1    None
b - Throw Flame           Conj/Fire      ####..       2%          2    None
c - Conjure Flame         Conj/Fire      ####....     4%          3    ##.....
d - Sticky Flame          Conj/Fire      ####....     14%         4    ####...

Your spell library contained the following spells:

 Spells                   Type           Power        Failure   Level  Hunger
 Inner Flame              Hex/Fire       ###.....     10%         3    ##.....
 Fireball                 Conj/Fire      ####......   36%         5    #####..


Dungeon Overview and Level Annotations

Branches:
Dungeon (5/15)
 Temple: D:4-7

Altars:

Portals:
Sewer: D:5


Message History

Casting: Flame Tongue (safe; 1% risk of failure)
Confirm with . or Enter, or press ? or * to list all spells.
Aiming: Flame Tongue (safe; 1% risk of failure)
Press: ? - help, Shift-Dir - straight line, f/p - river rat
Aim: a river rat (steam, moderately wounded)
The flame tongue hits the river rat.
The river rat is moderately wounded.
You are engulfed in a cloud of scalding steam.
The river rat is engulfed in a cloud of scalding steam.
The river rat bites you!
* * * LOW HITPOINT WARNING * * *
Casting: Flame Tongue (safe; 1% risk of failure)
Confirm with . or Enter, or press ? or * to list all spells.
Aiming: Flame Tongue (safe; 1% risk of failure)
Press: ? - help, Shift-Dir - straight line, f/p - river rat
Aim: a river rat (steam, almost dead)
The flame tongue hits the river rat!
You kill the river rat!
You are engulfed in a cloud of scalding steam.
You die...

###########
#..≈.≈#≈≈≈#
#....≈#§@§#
#..≈≈≈#§≈§#
#...≈≈#'§##
#....≈≈≈≈≈#
#....≈.≈..#
...
#.......≈≈#
...#
#.†.......#
..###
##.#########
#...###..##


There were no monsters in sight!

Vanquished Creatures
  A sky beast (D:5)
  3 hounds
  Ijyb (D:4)
  A river rat (D:5)
  3 adders
  2 oozes (D:1)
  3 worms
  3 dart slugs
  4 leopard geckos
  4 orcs
  A ball python (D:5)
  4 giant cockroaches
  9 goblins
  7 hobgoblins
  11 jackals
  7 kobolds
  A quokka (D:2)
  9 bats
  3 frilled lizards
  8 rats
85 creatures vanquished.

Notes
Turn   | Place    | Note
-------+----------+-------------------------------------------
     0 | D:1      | nikopol the Deep Elf Fire Elementalist began the quest for
                  | the Orb.
     0 | D:1      | Reached XP level 1. HP: 10/10 MP: 6/6
    71 | D:1      | Reached XP level 2. HP: 15/15 MP: 4/8
   475 | D:1      | Reached skill level 4 in Fire Magic
   729 | D:1      | Reached XP level 3. HP: 19/19 MP: 5/9
   733 | D:1      | Learned a level 2 spell: Throw Flame
   737 | D:1      | Learned a level 3 spell: Conjure Flame
  1565 | D:2      | Reached XP level 4. HP: 24/24 MP: 6/11
  2763 | D:4      | Reached skill level 5 in Fire Magic
  2763 | D:4      | Reached XP level 5. HP: 28/28 MP: 10/13
  2825 | D:4      | Noticed Ijyb
  2834 | D:4      | Killed Ijyb
  2840 | D:4      | Learned a level 4 spell: Sticky Flame
  3362 | D:5      | Entered Level 5 of the Dungeon
  3372 | D:5      | Noticed a sky beast
  3381 | D:5      | Killed a sky beast
  3381 | D:5      | Reached XP level 6. HP: 32/32 MP: 6/14
  3564 | D:5      | Found a glowing drain.
  3574 | D:5      | Engulfed by a cloud of steam

Levels and vault maps discovered:
D:1:      onia_arrival_mini_maze_b, layout_basic, minmay_pentomino_w2
D:2:      layout_basic
D:3:      layout_basic, serial_curves, eino_curves_02, eino_curves_02,
          skrybe_limestone_x, minmay_misc_feat_tiny
D:4:      layout_loops_ring, first_ration, uniq_ijyb
D:5:      layout_layer_cave, minmay_temple_entry_sparse_star,
          portal_sewer_entry_e

Skill      XL: |  1  2  3  4  5 |
---------------+----------------+-----
Fire Magic     | 4 5 |  5.5
Stealth        | 3 |  3.1
Spellcasting   | 4 |  4.8
Conjurations   | 2 4 |  4.0
Dodging        | |  2.7

Action                   |  1- 3 |  4- 6 || total
-------------------------+-------+-------++-------
Melee: Dagger            |     2 |       ||     2
 Cast: Flame Tongue      |    77 |   104 ||   181
       Conjure Flame     |       |     1 ||     1
       Sticky Flame      |       |     1 ||     1
  Use: Scroll            |       |     9 ||     9
  Eat: Chunk             |     1 |     7 ||     8
Armor: Robe              |     6 |    11 ||    17
Dodge: Dodged            |    29 |    54 ||    83

Table legend:
 A = Non-vault XP
 B = Vault XP
 C = Vault XP percentage of total XP
 D = Non-vault monster count
 E = Vault monster count
 F = Vault count percentage of total count
                 A         B        C        D         E       F
            +---------+---------+-------+---------+---------+-------
      Total |     444 |      60 |  11.9 |      76 |       9 |  10.6
            +---------+---------+-------+---------+---------+-------
        D:1 |      51 |       5 |   8.9 |      21 |       1 |   4.5
        D:2 |      49 |       0 |   0.0 |      19 |       0 |   0.0
        D:3 |      57 |       0 |   0.0 |      24 |       0 |   0.0
        D:4 |     108 |      32 |  22.9 |       6 |       1 |  14.3
        D:5 |     179 |      23 |  11.4 |       6 |       7 |  53.8
            +---------+---------+-------+---------+---------+-------
